 Dungeon Crawl Stone Soup version 0.27-a0-1512-g99fd57b (webtiles) character file.

Game seed: 16223040077366140101

4 ChanningTatum the Skirmisher (level 1, 0/27 HPs)
             Began as a Demonspawn Berserker on July 9, 2021.
             Was a Follower of Trog.
             Frozen to death by an endoplasm (4 damage)
             ... on level 1 of the Dungeon.
             The game lasted 00:00:41 (174 turns).

ChanningTatum the Skirmisher (Demonspawn Berserker)  Turns: 174, Time: 00:00:42

Health: 0/27       AC:  2    Str: 17    XL:     1   Next: 50%
Magic:  1/1        EV: 12    Int:  8    God:    Trog [*.....]
Gold:   0          SH:  0    Dex: 12    Spells: 0/0 levels left

rFire    . . .     SeeInvis .   a - +0 hand axe
rCold    . . .     Faith    .   (no shield)
rNeg     . . .     Spirit   .   b - +0 animal skin
rPois    .         Reflect  .   (no helmet)
rElec    .         Harm     .   (no cloak)
rCorr    .         Rampage  .   (no gloves)
Will     .....                  (no boots)
Stlth    ..........             (no amulet)
HPRegen  0.09/turn              (no ring)
MPRegen  0.07/turn              (no ring)

@: berserking, very quick
A: no striking features
a: Renounce Religion, Berserk


You were on level 1 of the Dungeon.
You worshipped Trog.
Trog was aware of your devotion.
You visited 1 branch of the dungeon, and saw 1 of its levels.

Inventory:

Hand Weapons
 a - a +0 hand axe (weapon)
Armour
 b - a +0 animal skin (worn)


   Skills:
 + Level 3.0 Fighting
 * Level 2.8 Axes
 * Level 1.8 Armour
 + Level 1.8 Dodging


You couldn't memorise any spells.
You didn't know any spells.
Your spell library was empty.

Dungeon Overview and Level Annotations

Branches:
Dungeon (1/15)

Altars:


Message History

A jackal comes into view.
The jackal moves out of view.
A jackal comes into view.
The jackal barks!
You hear a bark!
You barely miss the jackal. The jackal misses you. The jackal bites you.
You hit the jackal.
The jackal is almost dead.
The jackal bites you.
You hit the jackal.
You kill the jackal!
Trog accepts your kill.
An endoplasm comes into view.
The jackal bites you.
You closely miss the jackal. The jackal closely misses you.
You closely miss the jackal. The jackal closely misses you. x2
You hit the jackal.
The jackal is almost dead.
The jackal bites you.
A jackal comes into view.
You barely miss the jackal.
The jackal is almost dead.
The jackal bites you. The jackal closely misses you.
The jackal barks!
You slash the jackal!
You kill the jackal!
Trog accepts your kill. The endoplasm hits you.
You hit the endoplasm but do no damage.
The endoplasm hits you but does no damage.
You barely miss the endoplasm. The endoplasm hits you.
You hit the endoplasm.
The endoplasm is almost dead.
The endoplasm freezes you.
You are frozen.
* * * LOW HITPOINT WARNING * * *
A red film seems to cover your vision as you go berserk!
You feel yourself moving faster!
You feel mighty! The endoplasm freezes you.
You are frozen.
You die...

#### #... ...# ... ..#
#h# ##J# #.@# ##..#####
### +...##..# ..#
#..####.#### #.# ##..+
#....## #.#
#####..##+##.....####.#
#..##..'..##.....#....###
#<.##..#..##.###.........
#..'...#..##.# ###.######


You could see an endoplasm and a jackal.

Vanquished Creatures
  2 jackals (D:1)
  A frilled lizard (D:1)
  A rat (D:1)
4 creatures vanquished.

Notes
Turn   | Place    | Note
-------+----------+-------------------------------------------
     0 | D:1      | ChanningTatum the Demonspawn Berserker began the quest for
                  | the Orb.
     0 | D:1      | Reached XP level 1. HP: 18/18 MP: 1/1
   174 | D:1      | Frozen to death by an endoplasm

Illustrated notes

Levels and vault maps discovered:
D:1:      dpeg_arrival_short_road, layout_loops_cross

Action                   || total
-------------------------++-------
Melee: Hand axe          ||    21
Invok: Berserk           ||     1
Armor: Animal skin       ||     2
Dodge: Dodged            ||    11

Table legend: (Time is in decaauts)
 A = Elapsed time spent in this place.
 B = Non-inter-level travel time spent in this place.
 C = Inter-level travel time spent in this place.
 D = Time resting spent in this place.
 E = Time spent auto-exploring this place.
 F = Levels seen in this place.
 G = Mean time per level.
                   A        B        C        D        E       F      G
               +--------+--------+--------+--------+--------+-----+--------+
         Total |    177 |    177 |      0 |      0 |    110 |   1 |  177.0 |
       Dungeon |    177 |    177 |      0 |      0 |    110 |   1 |  177.0 |
               +--------+--------+--------+--------+--------+-----+--------+

Top non-repeatable levels by time:
     D:1: 177 daAuts
